 Dungeon Crawl Stone Soup version 0.28-a0-1087-gf3fc490d9d (webtiles) character file.

Game seed: 6505029370446345941

646 ytrimaz the Insei (level 7, 0/46 HPs)
             Began as an Octopode Transmuter on Dec 10, 2021.
             Slain by a killer bee (8 damage)
             ... on level 5 of the Dungeon.
             The game lasted 00:04:32 (6087 turns).

ytrimaz the Insei (Octopode Transmuter)             Turns: 6087, Time: 00:04:33

Health: 0/46       AC:  1    Str: 19    XL:     7   Next: 52%
Magic:  12/12      EV: 13    Int: 17    God:
Gold:   966        SH:  0    Dex: 13    Spells: 3/13 levels left

rFire   . . .      SeeInvis .     - Unarmed
rCold   . . .      Faith    .   (no shield)
rNeg    . . .      Spirit   .   (helmet restricted)
rPois   +          Reflect  .   (no amulet)
rElec   .          Harm     .   n - ring of poison resistance
rCorr   .          Rampage  .   l - +6 ring of strength
Will    .....                   (no ring)
Stlth   ++........              (no ring)
HPRegen 0.15/turn               (no ring)
MPRegen 0.13/turn               (no ring)
                                (no ring)
                                (no ring)

@: about to teleport
A: almost no armour, amphibious, 8 rings, camouflage 1, gelatinous body 1,
(nimble swimmer 1), tentacles, strong 2
a: no special abilities


You were on level 5 of the Dungeon.
You visited 1 branch of the dungeon, and saw 5 of its levels.

You collected 966 gold pieces.

Inventory:

Jewellery
 l - a +6 ring of strength (right tentacle)
 n - a ring of poison resistance (left tentacle)
Wands
 g - a wand of digging (5)
Scrolls
 a - 2 scrolls of enchant armour
 f - a scroll of fear
 j - a scroll of enchant weapon
 m - a scroll of teleportation
Potions
 b - 2 potions of curing
 c - a potion of lignification
 d - 2 potions of attraction
 e - 3 potions of ambrosia
 h - 2 potions of haste
 i - a potion of degeneration {unknown}
 k - a potion of mutation
 o - a potion of brilliance {unknown}


   Skills:
 * Level 3.0 Fighting
 - Level 2.0 Dodging
 + Level 5.5 Unarmed Combat
 * Level 3.9 Spellcasting
 * Level 3.6 Transmutations
 * Level 3.0 Poison Magic


You had 3 spell levels left.
You knew the following spells:

 Your Spells              Type           Power      Damage    Failure   Level
a - Beastly Appendage     Tmut           30%        N/A       3%          1
b - Wereblood             Tmut           15%        N/A       5%          2
c - Spider Form           Tmut/Pois      14%        N/A       12%         3
d - Ice Form              Ice/Tmut       9%         N/A       58%         4

Your spell library contained the following spells:

 Spells                   Type           Power      Damage    Failure   Level
 Magic Dart               Conj           12%        1d3       16%         1
 Call Imp                 Summ           3%         N/A       24%         2
 Mephitic Cloud           Conj/Pois/Air  6%         N/A       30%         3


Dungeon Overview and Level Annotations

Branches:
Dungeon (5/15)
 Temple: D:4-7

Altars:


Innate Abilities, Weirdness & Mutations

You cannot wear most types of armour.
You are amphibious.
You can wear up to eight rings at the same time.
Your skin changes colour to match your surroundings (Stealth+).
Your rubbery body absorbs attacks. (AC +1, EV +1)
((You are camouflaged near water. (Stealth+)))
You have tentacles for arms and can constrict up to eight enemies at once.
Your muscles are very strong. (Str +4)


Message History

There are monsters nearby!
There are monsters nearby!
The killer bee buzzes angrily.
The killer bee barely misses you. The killer bee stings you!
The killer bee stings you.
You closely miss the killer bee. You grab the killer bee.
Your tentacle spike misses the killer bee.
You constrict the killer bee. The killer bee closely misses you.
The killer bee stings you. x2
Unknown command.
Okay, then.
You barely miss the orc. Your grab misses the orc. Your squeeze misses the orc.
You constrict the killer bee. The killer bee barely misses you. x2
The killer bee stings you! The orc hits you but does no damage.
The killer bee stings you!
* * * LOW HITPOINT WARNING * * *
Unknown command.
Okay, then.
As you read the scroll of fear, it crumbles to dust.
You assume a fearsome visage.
The orc looks frightened!
The killer bee looks frightened! x3
The killer bee resists with some effort.
The killer bee looks frightened! x2
The water moccasin zombie is unaffected.
You constrict the killer bee.
The killer bee struggles to escape constriction.
Unknown command.
Unknown command.
You release your grip on the killer bee.
Unknown command.
Okay, then.
Okay, then.
Unknown command.
You see here a hound corpse.
As you read the scroll of teleportation, it crumbles to dust.
You feel strangely unstable.
Your tentacle spike disappears.
The orc gibbers meaninglessly.
The killer bee stings you!
You die...

##.# ......# #.## ...!..#
###..# ....... ##....#
....... ##.....## ##.....#
##.......## #.......
#....>....# ####...#
^.........## ##...Z####..##
...........###.)@y#.y......
...........#.o..###.8.8y...
..>............## .........
.............### #...y##.y.
............## #y...# ..
#............# #.(8.# .
###.......#...# #.y..#
####...###...# .....#
#..### ...#


You could see a killer bee, an orc (fleeing) and a water moccasin zombie.

Vanquished Creatures
  Sigmund (D:2)
  An ice beast (D:5)
  An ogre (D:4)
  An orc priest (D:4)
  2 hounds
  A jelly (D:5)
  Natasha (D:2)
  Robin (D:4)
  6 adders
  An adder zombie (D:5)
  4 worms
  7 dart slugs
  6 orcs
  8 ball pythons
  6 bats (D:1)
  An endoplasm (D:3)
  16 goblins
  5 hobgoblins
  A quokka (D:1)
  2 frilled lizards
  6 kobolds
  8 rats (D:1)
86 creatures vanquished.

Notes
Turn   | Place    | Note
-------+----------+-------------------------------------------
     0 | D:1      | ytrimaz the Octopode Transmuter began the quest for the
                  | Orb.
     0 | D:1      | Reached XP level 1. HP: 13/13 MP: 3/3
   707 | D:1      | Reached XP level 2. HP: 15/18 MP: 3/5
   822 | D:1      | You fall into a shaft and drop 1 floor!
  1357 | D:2      | Noticed Sigmund
  1757 | D:1      | Learned a level 2 spell: Wereblood
  2056 | D:1      | Reached XP level 3. HP: 23/23 MP: 6/6
  2060 | D:1      | Learned a level 3 spell: Spider Form
  2825 | D:2      | Found a faded altar of an unknown god.
  3050 | D:2      | Killed Sigmund
  3051 | D:2      | Reached skill level 4 in Unarmed Combat
  3051 | D:2      | Reached skill level 1 in Poison Magic
  3051 | D:2      | Reached XP level 4. HP: 29/29 MP: 6/8
  3051 | D:2      | Reached XP level 5. HP: 34/34 MP: 6/9
  3513 | D:2      | Noticed Natasha
  3518 | D:2      | Killed Natasha
  3519 | D:2      | Reached XP level 6. HP: 39/39 MP: 8/10
  4782 | D:4      | Reached skill level 5 in Unarmed Combat
  4855 | D:4      | Gained mutation: Your muscles are strong. (Str +2) [potion
                  | of mutation]
  4855 | D:4      | Gained mutation: Your muscles are very strong. (Str +4)
                  | [potion of mutation]
  4940 | D:4      | Reached XP level 7. HP: 39/45 MP: 4/12
  5063 | D:4      | Identified a scroll of acquirement
  5063 | D:4      | Acquired 787 gold pieces
  5091 | D:4      | Identified the +1 helmet of Zorozose {Rampage rPois Will-
                  | Str+4}
  5091 | D:4      | Noticed Robin
  5117 | D:4      | Killed Robin
  5721 | D:5      | Entered Level 5 of the Dungeon
  5946 | D:5      | Learned a level 4 spell: Ice Form
  6087 | D:5      | Slain by a killer bee

Illustrated notes

Levels and vault maps discovered:
D:1:      lightli_arrival_isolated_outpost, layout_basic
D:2:      layout_basic, hellmonk_ecumenical_altar_lost_god,
          nrook_mini_backslash, minmay_misc_feat_encased,
          hangedman_decor_riveting, chequers_hall_statues_y, uniq_sigmund,
          uniq_natasha
D:3:      minmay_spotlight, layout_basic, wad_orctagon
D:4:      layout_basic, minmay_misc_feat_five, nicolae_zen_rock_garden,
          amcnicky_mini_pool_small, uniq_robin
D:5:      minmay_chambers_of_fours, layout_cave_pods,
          mainiacjoe_overflow_concentric_impassable, serial_column_ruins,
          column_ruins_hut, column_ruins_open_small_water,
          column_ruins_columns_corner, column_ruins_open_tiny,
          column_ruins_corridor_straight, column_ruins_corridor_water

Skill      XL: |  1  2  3  4  5  6  7 |
---------------+----------------------+-----
Fighting       | 2 3 |  3.0
Unarmed Combat | 4 5 |  5.5
Spellcasting   | 3 |  3.9
Poison Magic   | 1 2 3 |  3.0
Transmutations | 3 |  3.6
Dodging        | |  2.0

Action                   |  1- 3 |  4- 6 |  7- 9 || total
-------------------------+-------+-------+-------++-------
Melee: Unarmed           |    78 |    77 |    61 ||   216
       Constrict         |    27 |    16 |     6 ||    49
       Tentacles         |     8 |     9 |     5 ||    22
       Kick              |     2 |     7 |     1 ||    10
       Punch             |     1 |     3 |     1 ||     5
 Cast: Beastly Appendage |     8 |     4 |     3 ||    15
       Spider Form       |       |     4 |     3 ||     7
       Wereblood         |       |     2 |       ||     2
  Use: Scroll            |     6 |     8 |     3 ||    17
       Potion            |     1 |     1 |       ||     2
 Stab: Sleeping          |     6 |       |       ||     6
Armor: Skin              |     9 |     2 |     9 ||    20
Dodge: Dodged            |    51 |    47 |    48 ||   146

Table legend: (Time is in decaauts)
 A = Elapsed time spent in this place.
 B = Non-inter-level travel time spent in this place.
 C = Inter-level travel time spent in this place.
 D = Time resting spent in this place.
 E = Time spent auto-exploring this place.
 F = Levels seen in this place.
 G = Mean time per level.
                   A        B        C        D        E       F      G
               +--------+--------+--------+--------+--------+-----+--------+
         Total |   6068 |   6015 |     53 |    471 |   4793 |   5 | 1213.6 |
       Dungeon |   6068 |   6015 |     53 |    471 |   4793 |   5 | 1213.6 |
               +--------+--------+--------+--------+--------+-----+--------+

Top non-repeatable levels by time:
     D:1: 2047 daAuts
     D:2: 1682 daAuts
     D:4: 997 daAuts
     D:3: 977 daAuts
     D:5: 363 daAuts
